[Event "Croatian-ch Youth U15 2022"]
[Site "Trogir"]
[Date "2022.06.26"]
[Round "8.8"]
[White "Tomljanovic, Ivano"]
[Black "Sokcevic, Petar"]
[Result "1-0"]
[ECO "C02"]
[WhiteElo "1844"]
[BlackElo "1368"]
[Annotator "NA RC"]
[PlyCount "71"]
[EventDate "2022.06.22"]
[EventType "swiss"]
[EventCountry "CRO"]
[SourceTitle "playchess.com"]
[Source "ChessBase"]
[SourceQuality "1"]
[TimeControl "5400+30"]

1. d4 e6 2. e4 d5 3. e5 Nc6 4. c3 f6 5. exf6 Nxf6 6. Nf3 Bd6 7. Bd3 O-O 8. Be3 e5 9. dxe5 Nxe5 10. Nxe5 Bxe5 11. Na3 Ng4 12. g3 Nxe3 13. fxe3 Qg5 14. Nc2 Qf6 15. Qd2 Qh6 16. O-O-O Bg4 17. Be2 Bxe2 18. Qxe2 c6 19. Kb1 Rab8 20. e4 dxe4 21. Qxe4 Qf6 22. Ne3 Rfe8 23. Rhf1 Qg6 24. Nf5 Bf6 25. Qc4+ Kh8 26. Ka1 Rbd8 27. Nd6 Rd7 28. Nxe8 Qxe8 29. Rxd7 Qxd7 30. a3 Qd2 31. g4 Qxh2 32. g5 Be7 33. Qf7 Qd6 34. Qe8+ Bf8 35. Qxf8+ Qxf8 36. Rxf8# 1-0

[Event "Croatian-ch Youth U15 2022"]
[Site "Trogir"]
[Date "2022.06.26"]
[Round "8.10"]
[White "Friscic, Laura"]
[Black "Karij, Petra"]
[Result "1/2-1/2"]
[ECO "D32"]
[WhiteElo "1106"]
[BlackElo "1433"]
[Annotator "NA RC"]
[PlyCount "64"]
[EventDate "2022.06.22"]
[EventType "swiss"]
[EventCountry "CRO"]
[SourceTitle "playchess.com"]
[Source "ChessBase"]
[SourceQuality "1"]
[TimeControl "5400+30"]

1. c4 e6 2. Nc3 d5 3. cxd5 exd5 4. Nf3 c5 5. d4 Nc6 6. dxc5 d4 7. Na4 Bxc5 8. Nxc5 Qa5+ 9. Bd2 Qxc5 10. g3 Nf6 11. Bg2 O-O 12. O-O Bf5 13. Qb3 Qe7 14. Qc4 Rfd8 15. Rfd1 Rac8 16. e3 Ne5 17. Qf1 Bd3 18. Qe1 Bc2 19. Bb4 Nxf3+ 20. Bxf3 Qe5 21. exd4 Qf5 22. Bxb7 Re8 23. Qd2 Rb8 24. Rdc1 Rxb7 25. Rxc2 Rxb4 26. Rc5 Ne4 27. Qxb4 Qxf2+ 28. Kh1 Qf3+ 29. Kg1 Qe3+ 30. Kh1 Qf3+ 31. Kg1 Qe3+ 32. Kh1 Qf3+ 1/2-1/2

[Event "Croatian-ch Youth U15 2022"]
[Site "Trogir"]
[Date "2022.06.26"]
[Round "8.11"]
[White "Zovko, Josipa"]
[Black "Lukinovic, Laura"]
[Result "1-0"]
[ECO "D03"]
[WhiteElo "1419"]
[BlackElo "1164"]
[Annotator "NA RC"]
[PlyCount "77"]
[EventDate "2022.06.22"]
[EventType "swiss"]
[EventCountry "CRO"]
[SourceTitle "playchess.com"]
[Source "ChessBase"]
[SourceQuality "1"]
[TimeControl "5400+30"]

1. Nf3 d5 2. d4 Nf6 3. Bg5 e6 4. e3 c5 5. c3 Nc6 6. Bd3 c4 7. Be2 h6 8. Bh4 g5 9. Bg3 Ne4 10. Be5 f6 11. Bg3 h5 12. h3 Nxg3 13. fxg3 Bd6 14. Qc2 Bxg3+ 15. Kd1 f5 16. b3 cxb3 17. Qxb3 a6 18. Rf1 g4 19. hxg4 hxg4 20. Ne1 Rh2 21. Qa3 Bxe1 22. Rxe1 Rxg2 23. Rh1 Qe7 24. Qb3 Rg3 25. Qb6 Rh3 26. Rxh3 gxh3 27. Qb2 Qg5 28. Kd2 h2 29. Bf3 Qh4 30. Na3 Qf2+ 31. Be2 Qg2 32. Qb1 b5 33. Qf1 Qxf1 34. Rxf1 b4 35. Nc2 bxc3+ 36. Kxc3 a5 37. Rh1 Ba6 38. Rxh2 Bxe2 39. Rh8+ 1-0

[Event "Croatian-ch Youth U15 2022"]
[Site "Trogir"]
[Date "2022.06.27"]
[Round "9.1"]
[White "Franc, Borna"]
[Black "Colev, Ivor"]
[Result "1-0"]
[ECO "B30"]
[WhiteElo "2032"]
[BlackElo "1984"]
[Annotator "RC"]
[PlyCount "51"]
[EventDate "2022.06.22"]
[EventType "swiss"]
[EventCountry "CRO"]
[SourceTitle "playchess.com"]
[Source "ChessBase"]
[SourceQuality "1"]
[TimeControl "5400+30"]

1. e4 c5 2. Nf3 d6 3. g3 Nf6 4. d3 e6 5. Bg2 Be7 6. O-O O-O 7. c3 Nc6 8. Re1 Bd7 9. d4 cxd4 10. cxd4 d5 11. exd5 Nxd5 12. Nc3 Bb4 13. Bd2 Nce7 14. Nxd5 Nxd5 15. Bxb4 Nxb4 16. Qb3 Qb6 17. Ne5 Bc6 18. Nc4 Qxd4 19. Qxb4 Bxg2 20. Kxg2 f5 21. Rad1 Qg4 22. h3 Qg5 23. f4 Qf6 24. Ne5 Rfc8 25. Qb3 Re8 26. h4 1-0

[Event "Croatian-ch Youth U15 2022"]
[Site "Trogir"]
[Date "2022.06.27"]
[Round "9.2"]
[White "Bunic, Emanuel"]
[Black "Grgantov, Marin"]
[Result "1/2-1/2"]
[ECO "B14"]
[WhiteElo "1941"]
[BlackElo "2081"]
[Annotator "RC"]
[PlyCount "95"]
[EventDate "2022.06.22"]
[EventType "swiss"]
[EventCountry "CRO"]
[SourceTitle "playchess.com"]
[Source "ChessBase"]
[SourceQuality "1"]
[TimeControl "5400+30"]

1. d4 Nf6 2. c4 e6 3. Nc3 Bb4 4. e3 O-O 5. Nf3 d5 6. Bd3 c5 7. cxd5 cxd4 8. exd4 exd5 9. O-O h6 10. Bf4 Nc6 11. h3 Be6 12. Bc2 Bxc3 13. bxc3 Qa5 14. Qd3 Ne7 15. Bd6 Bf5 16. Qd2 Bxc2 17. Bxe7 Bf5 18. Bxf8 Rxf8 19. c4 Qxd2 20. Nxd2 Bd3 21. Rfc1 Rd8 22. cxd5 Nxd5 23. Nb3 b6 24. Rd1 Be2 25. Rd2 Bc4 26. Rc1 Ba6 27. a3 Kf8 28. Na1 Bb5 29. Kh2 a5 30. Kg3 Ba4 31. f3 g6 32. Kf2 Re8 33. Re2 Rd8 34. g3 Ne7 35. Rd2 Nd5 36. Rb2 Re8 37. Nb3 Re3 38. Rcb1 Rd3 39. Nd2 Nc3 40. Nc4 Nxb1 41. Rxb1 Rxd4 42. Nxb6 Bc6 43. Rc1 Be8 44. Ke3 Rd6 45. Nc4 Rd5 46. Rb1 Bb5 47. Rc1 Be8 48. Ke4 1/2-1/2

[Event "Croatian-ch Youth U15 2022"]
[Site "Trogir"]
[Date "2022.06.27"]
[Round "9.3"]
[White "Sundac, Ivano"]
[Black "Frouth, Vibor"]
[Result "1-0"]
[ECO "B13"]
[WhiteElo "1978"]
[BlackElo "1493"]
[Annotator "RC"]
[PlyCount "153"]
[EventDate "2022.06.22"]
[EventType "swiss"]
[EventCountry "CRO"]
[SourceTitle "playchess.com"]
[Source "ChessBase"]
[SourceQuality "1"]
[TimeControl "5400+30"]

1. e4 c6 2. d4 d5 3. exd5 cxd5 4. Bd3 Nc6 5. c3 h6 6. h3 Nf6 7. Nf3 e6 8. O-O Bd6 9. Re1 O-O 10. Ne5 Qc7 11. f4 Bd7 12. Nd2 Nh7 13. Qg4 f5 14. Qe2 Nxe5 15. fxe5 Be7 16. c4 Bc6 17. Nf3 Rac8 18. Bd2 Qd8 19. c5 Ng5 20. Nxg5 Bxg5 21. b4 Bxd2 22. Qxd2 a6 23. a4 Qh4 24. Qf2 Qxf2+ 25. Kxf2 g5 26. b5 axb5 27. axb5 Be8 28. Ra7 Rb8 29. Rea1 Rf7 30. Be2 Rd7 31. Ra8 Rdd8 32. Rxb8 Rxb8 33. Ra7 Kf8 34. Ke3 Ke7 35. g3 Kd8 36. Kd2 Kc7 37. Kc3 Rd8 38. Kb4 Kb8 39. Ra1 Bd7 40. Rc1 Kc7 41. Ra1 Rf8 42. c6 Bc8 43. cxb7 Kxb7 44. Kc5 f4 45. gxf4 gxf4 46. Rf1 Kc7 47. b6+ Kb7 48. Kd6 Rf7 49. Bh5 Rg7 50. Rxf4 Kxb6 51. Bg4 Rc7 52. Rf1 Rc6+ 53. Ke7 Rc7+ 54. Kf6 Rc4 55. Rd1 Kb5 56. Rb1+ Ka5 57. Rb8 Ba6 58. Kxe6 Rxd4 59. Kd6 Rb4 60. Rxb4 Kxb4 61. Kxd5 Bb5 62. Kd6 Be8 63. Ke7 Bb5 64. Kf6 Kc5 65. Kg6 Kd5 66. e6 Ke5 67. e7 Be8+ 68. Kg7 Kd6 69. Kf8 Bb5 70. e8=Q Bxe8 71. Kxe8 Kc7 72. Ke7 Kc6 73. Kf6 Kd6 74. Kg7 Ke7 75. Kxh6 Kf7 76. Be6+ Kf6 77. h4 1-0

[Event "Croatian-ch Youth U15 2022"]
[Site "Trogir"]
[Date "2022.06.27"]
[Round "9.4"]
[White "Konjevic, Nikola"]
[Black "Jakovic, Roko"]
[Result "0-1"]
[ECO "B22"]
[WhiteElo "1708"]
[BlackElo "1944"]
[Annotator "RC"]
[PlyCount "136"]
[EventDate "2022.06.22"]
[EventType "swiss"]
[EventCountry "CRO"]
[SourceTitle "playchess.com"]
[Source "ChessBase"]
[SourceQuality "1"]
[TimeControl "5400+30"]

1. e4 c5 2. c3 Nf6 3. e5 Nd5 4. d4 cxd4 5. Nf3 Nc6 6. cxd4 d6 7. Bc4 e6 8. Qe2 Be7 9. O-O O-O 10. Nc3 Nxc3 11. bxc3 dxe5 12. dxe5 b6 13. Qe4 Bb7 14. Bd3 g6 15. Bh6 Re8 16. Qe2 Qc7 17. Rfe1 Bf8 18. Qe3 Ne7 19. Bxf8 Rxf8 20. c4 Bxf3 21. Qxf3 Rad8 22. Re3 Nc6 23. Rae1 Nb4 24. Bb1 Qxc4 25. h4 Rd4 26. h5 Nd5 27. Ra3 Qb4 28. Rc1 Qd2 29. Rf1 a5 30. Be4 Qf4 31. Bxd5 exd5 32. Qb3 Qxe5 33. hxg6 hxg6 34. Qxb6 Rh4 35. Rh3 Rxh3 36. gxh3 Rc8 37. Qxa5 Rc3 38. Qd8+ Kg7 39. Qh4 Ra3 40. Rd1 Rxa2 41. Qd4 Qxd4 42. Rxd4 Ra5 43. Kg2 Kf6 44. Rd3 Ke5 45. Kf3 Ra4 46. Rb3 Kd4 47. Rb7 f6 48. Rb6 Ke5 49. Rb3 Rf4+ 50. Ke3 d4+ 51. Ke2 Ke4 52. Ra3 d3+ 53. Rxd3 Rxf2+ 54. Kxf2 Kxd3 55. Kf3 Kd4 56. Kf4 Kd5 57. h4 Kd4 58. Kf3 Ke5 59. Ke3 f5 60. Kf3 f4 61. Kg4 Ke4 62. Kg5 f3 63. Kxg6 f2 64. h5 f1=Q 65. h6 Qf8 66. Kh7 Ke5 67. Kg6 Qh8 68. h7 Qf6+ 0-1

[Event "Croatian-ch Youth U15 2022"]
[Site "Trogir"]
[Date "2022.06.27"]
[Round "9.5"]
[White "Kurtovic, Darko"]
[Black "Gal, Andrej"]
[Result "0-1"]
[ECO "E62"]
[WhiteElo "1353"]
[BlackElo "1874"]
[Annotator "NA RC"]
[PlyCount "72"]
[EventDate "2022.06.22"]
[EventType "swiss"]
[EventCountry "CRO"]
[SourceTitle "playchess.com"]
[Source "ChessBase"]
[SourceQuality "1"]
[TimeControl "5400+30"]

1. Nf3 Nf6 2. g3 g6 3. Bg2 Bg7 4. c4 O-O 5. O-O d6 6. d4 Nc6 7. Nc3 e5 8. d5 Nb8 {[%emt 0:00:15] seems to push 8...Ne7 aside.} 9. e4 a5 10. Bg5 h6 11. Be3 {[%emt 0:02:53] [#]} Bd7 $146 ({Predecessor:} 11... Nfd7 12. Qd2 Kh7 13. h4 Na6 14. Nh2 Nac5 15. h5 gxh5 16. Nf3 Nf6 17. Bxc5 dxc5 18. Nxe5 Nxd5 19. Nxf7 Rxf7 20. cxd5 {1-0 (44) Kushko,D (2302)-Wartiovaara,O (2205) Chess.com INT 2022}) 12. Qb3 b6 13. h3 Na6 14. Ne1 (14. Qd1 $14) 14... Nc5 15. Qc2 Nh5 16. Nd3 f5 17. Nxc5 bxc5 18. exf5 gxf5 19. Qe2 (19. Bf3 $11 {deserves consideration.} Qe8 20. Kh2) 19... Qe8 20. Bf3 Nf6 21. Bg2 Qg6 22. Kh1 (22. Qc2 $15) 22... Rae8 23. Qc2 Qh5 24. Qd1 (24. f4 $17 {is a better defense.}) 24... Qf7 25. Qc1 $2 (25. Re1 $17 {was called for.}) 25... Qg6 $2 ({Better is} 25... f4 $1 $19 26. gxf4 Qh5) 26. Qc2 Nh5 ({Black should try} 26... Rb8 $17) 27. Ne2 {[%emt 0:00:53] [#]} (27. Kh2 $11 {remains equal.}) 27... Qf7 $1 28. Bd2 $2 (28. f4 $17) 28... Bc8 $2 (28... f4 $19 29. gxf4 exf4) 29. Bxa5 $2 (29. Kh2 $11 {and White is okay.}) 29... f4 30. g4 $2 (30. Be4 Bxh3 31. Rg1 (31. Bg6 $2 Qd7 $19)) 30... f3 31. gxh5 fxg2+ 32. Kxg2 Qf3+ 33. Kg1 Bxh3 34. Qg6 Qxe2 35. Qg3 Qxh5 36. f4 exf4 0-1

[Event "Croatian-ch Youth U15 2022"]
[Site "Trogir"]
[Date "2022.06.27"]
[Round "9.6"]
[White "Zadro, Matej"]
[Black "Tomljanovic, Ivano"]
[Result "1/2-1/2"]
[ECO "D20"]
[WhiteElo "1861"]
[BlackElo "1844"]
[Annotator "NA RC"]
[PlyCount "65"]
[EventDate "2022.06.22"]
[EventType "swiss"]
[EventCountry "CRO"]
[SourceTitle "playchess.com"]
[Source "ChessBase"]
[SourceQuality "1"]
[TimeControl "5400+30"]

1. e4 c6 2. d4 d5 3. exd5 cxd5 4. c4 dxc4 5. Bxc4 e6 6. Nf3 Nf6 7. O-O Bd6 8. Nc3 O-O 9. Bg5 Nbd7 (9... h6 $11 {feels stronger.} 10. Bxf6 Qxf6) 10. Rc1 a6 11. a4 (11. Bb3 $14) 11... h6 12. Bh4 b6 {[%emt 0:00:43] [#]} (12... b5 $11 13. axb5 axb5 14. Bxb5 (14. Nxb5 Bf4 $11) 14... Qb6) 13. d5 $1 e5 (13... Bf4 $16 {is a better defense.}) 14. Ne4 Qe7 15. Qb3 $2 (15. Re1 $18 {is more deadly.}) 15... g5 {[%emt 0:05:29] [#]} 16. Nfxg5 $1 Nxe4 17. Nxe4 Qxh4 18. Nxd6 f5 19. Nxc8 Raxc8 20. d6+ Kh8 21. Bxa6 Rcd8 22. g3 Qh3 23. Rfd1 f4 24. Bf1 Qf5 25. Qd3 Qf6 26. Bg2 Nc5 27. Qd5 Ne6 28. Re1 Nc5 29. Rcd1 Rfe8 30. gxf4 Qxf4 $18 31. Re3 Re6 32. Rf3 Qxa4 33. b3 1/2-1/2

[Event "Croatian-ch Youth U15 2022"]
[Site "Trogir"]
[Date "2022.06.27"]
[Round "9.7"]
[White "Mandaric, Fran"]
[Black "Rautner, Fran"]
[Result "1/2-1/2"]
[ECO "B22"]
[WhiteElo "1808"]
[BlackElo "1753"]
[Annotator "NA RC"]
[PlyCount "32"]
[EventDate "2022.06.22"]
[EventType "swiss"]
[EventCountry "CRO"]
[SourceTitle "playchess.com"]
[Source "ChessBase"]
[SourceQuality "1"]
[TimeControl "5400+30"]

1. e4 c5 2. Nf3 e6 3. c3 Nc6 4. d4 d5 5. exd5 exd5 6. Bb5 Bd7 (6... a6 $11 7. Bxc6+ bxc6) 7. Bf4 $14 Qe7+ 8. Qe2 Qxe2+ 9. Bxe2 cxd4 10. Nxd4 Nxd4 11. cxd4 Bb4+ 12. Nd2 Nf6 13. O-O O-O 14. Bd3 Rac8 15. Nf3 Ba4 16. Bf5 Bd7 1/2-1/2

[Event "Croatian-ch Youth U15 2022"]
[Site "Trogir"]
[Date "2022.06.27"]
[Round "9.8"]
[White "Djuric, Leon"]
[Black "Horcicka, Jan"]
[Result "1-0"]
[ECO "C55"]
[WhiteElo "1475"]
[BlackElo "1804"]
[Annotator "NA RC"]
[PlyCount "109"]
[EventDate "2022.06.22"]
[EventType "swiss"]
[EventCountry "CRO"]
[SourceTitle "playchess.com"]
[Source "ChessBase"]
[SourceQuality "1"]
[TimeControl "5400+30"]

1. e4 e5 2. Nf3 Nc6 3. Bc4 Nf6 4. d3 Be7 5. O-O d6 6. c3 O-O 7. Nbd2 {[%emt 0:00:28] 7.Re1 is setting a new trend.} Ne8 8. d4 {[%emt 0:04:18] [#]} Kh8 $146 ({Predecessor:} 8... Bg4 9. h3 Bh5 10. Qc2 Bg6 11. d5 Nb8 12. Bd3 Qc8 13. c4 Na6 14. Qc3 Nc5 15. Bc2 {½-½ (69) Arnetta,M (2060)-Bartolini,M (1597) Bratto 2001}) 9. dxe5 (9. Re1 $14) 9... dxe5 10. Bd5 Bd6 11. Nc4 Bg4 12. Bxc6 bxc6 13. Ncxe5 Nf6 14. Nxg4 Nxg4 15. h3 f5 16. exf5 Nf6 17. Nd4 Qd7 18. Qa4 c5 19. Qxd7 Nxd7 20. Nb5 Rxf5 21. Rd1 Ne5 22. Nxd6 cxd6 23. Rxd6 Nc4 24. Re6 Rd8 25. Be3 Nxb2 26. Bxc5 $2 Rxc5 27. Rb1 Nd1 28. Rd6 Re8 29. Rbxd1 ({Much less strong is} 29. Rdxd1 $6 Rxc3 30. Rd7 a5 $16) 29... Rxc3 30. Rd8 Rc8 31. Rxe8+ Rxe8 32. Rd7 Ra8 33. Kf1 h6 34. Ke2 Kh7 35. Kd3 Kg6 36. a4 Kf6 37. a5 g6 38. Kc4 Rc8+ 39. Kd3 Ra8 40. g4 Kg5 41. Rh7 (41. Rg7 $18 {and White stays clearly on top.}) 41... a6 $18 (41... Rf8 $142 42. Rxa7 Rxf2 43. Kc4 Rf3 $16) 42. Ke3 Rf8 43. Re7 Rf6 {[%emt 0:00:40] [#]} 44. Rh7 $2 ({Better is} 44. Rb7 $1 $18 ) 44... Rf8 45. f3 $2 (45. Rc7 $18) 45... Rf6 (45... Re8+ $16 46. Kf2 Re5) 46. Rb7 Re6+ {[%emt 0:00:26] [#]} 47. Kf2 $1 Re5 48. Kg3 Rxa5 49. Rf7 h5 50. h4+ Kh6 51. g5+ Rxg5+ 52. hxg5+ Kxg5 53. f4+ Kh6 54. Kh4 a5 55. Ra7 1-0

[Event "Croatian-ch Youth U15 2022"]
[Site "Trogir"]
[Date "2022.06.27"]
[Round "9.11"]
[White "Savic, Anja"]
[Black "Zovko, Josipa"]
[Result "1/2-1/2"]
[ECO "E11"]
[WhiteElo "1308"]
[BlackElo "1419"]
[Annotator "NA RC"]
[PlyCount "45"]
[EventDate "2022.06.22"]
[EventType "swiss"]
[EventCountry "CRO"]
[SourceTitle "playchess.com"]
[Source "ChessBase"]
[SourceQuality "1"]
[TimeControl "5400+30"]

1. d4 Nf6 2. c4 e6 3. Nf3 Bb4+ 4. Bd2 Qe7 5. Nc3 O-O 6. e3 b6 7. Bd3 Bb7 8. O-O d5 9. cxd5 exd5 10. Qc2 c5 11. b3 Nbd7 12. Nb5 cxd4 13. exd4 Rac8 14. Bxb4 Qxb4 15. Qd2 Qxd2 16. Nxd2 a6 17. Nd6 Rc3 18. Bf5 Ba8 19. Rac1 Rc6 20. Rxc6 Bxc6 21. a4 Rd8 22. Rc1 Nb8 23. Nc8 1/2-1/2